 Seeded DCSS version 0.29-a0-380-gf50f0a9fbc (webtiles) character file.

Game seed: 9708579739092153053 (custom seed)

23 Hubjo the Firebug (level 2, -1/16 HPs)
             Began as a Deep Elf Fire Elementalist on May 5, 2022.
             Succumbed to their own poison gas
             ... on level 1 of the Dungeon.
             The game lasted 00:01:01 (1055 turns).

Hubjo the Firebug (Deep Elf Fire Elementalist)      Turns: 1055, Time: 00:01:02

Health: -1/16      AC:  2    Str:  5    XL:     2   Next: 75%
Magic:  8/8        EV: 12    Int: 19    God:
Gold:   72         SH:  0    Dex: 15    Spells: 6/7 levels left

rFire   . . .      SeeInvis .   c - +1 dagger (freeze)
rCold   . . .      Faith    .   (no shield)
rNeg    . . .      Spirit   .   a - +0 robe
rPois   .          Reflect  .   (no helmet)
rElec   .          Harm     .   (no cloak)
rCorr   .          Rampage  .   (no gloves)
Will    .....                   (no boots)
Stlth   ++........              (no amulet)
HPRegen 0.05/turn               (no ring)
MPRegen 0.11/turn               (no ring)

@: lethally poisoned (-1 -> -37)
A: no striking features
a: no special abilities


You were on level 1 of the Dungeon.
You visited 1 branch of the dungeon, and saw 1 of its levels.

You collected 72 gold pieces.

Inventory:

Hand Weapons
 c - a +1 dagger of freezing (weapon)
Armour
 a - a +0 robe (worn)
Potions
 b - a potion of magic
 d - a potion of cancellation {unknown}
 f - 2 potions of flight {unknown}
 g - a potion of lignification {unknown}
 i - a potion of heal wounds {unknown}


   Skills:
 * Level 1.1 Fighting
 - Level 2.4 Dodging
 + Level 2.9 Stealth
 + Level 3.3 Spellcasting
 - Level 1.1 Conjurations
 + Level 3.5 Fire Magic


You had 6 spell levels left.
You knew the following spells:

 Your Spells              Type           Power      Damage    Failure   Level
a - Foxfire               Conj/Fire      48%        2x1d6     5%          1

Your spell library contained the following spells:

 Spells                   Type           Power      Damage    Failure   Level
 Scorch                   Fire           32%        2d7       5%          2
 Conjure Flame            Conj/Fire      12%        6-21      17%         3
 Inner Flame              Hex/Fire       9%         N/A       22%         3
 Flame Wave               Conj/Fire      12%        2d6       50%         4


Dungeon Overview and Level Annotations

Branches:
Dungeon (1/15)

Altars:


Message History

Your foxfire dissipates!
You conjure some foxfire!
Your foxfire dissipates!
Your foxfire dissipates! x2
Your foxfire dissipates! x2
Your foxfire dissipates!
Found a glaive.
You now have 72 gold pieces (gained 12).
Found a stone staircase leading down.
j - a scroll labelled VUTIAHAIMASCH
There is a stone staircase leading down here.
Done exploring.
Done exploring.
Done exploring.
As you read the scroll labelled SEKEUW YQIKU, it crumbles to dust.
It is a scroll of brand weapon.
Your +1 dagger of speed erupts in a glittering mayhem of colour.
c - a +1 dagger of chaos (weapon)
As you read the scroll of brand weapon, it crumbles to dust.
Your +1 dagger of chaos drips with poison.
c - a +1 dagger of venom (weapon)
As you read the scroll of brand weapon, it crumbles to dust.
Your +1 dagger of venom is covered with a thin layer of ice!
c - a +1 dagger of freezing (weapon)
As you read the scroll labelled KIVEN GAEDDIUC, it crumbles to dust.
You assume a fearsome visage.
Nothing appears to happen.
It was a scroll of fear.
The air fills with toxic fumes!
As you read the scroll labelled VUTIAHAIMASCH, it crumbles to dust.
It was a scroll of poison.
Really walk into that cloud of poison gas? [Y]es or [N]o only, please.
Really walk into that cloud of poison gas?
You are engulfed in poison gas.
You are lethally poisoned!
You feel very sick.
You are engulfed in poison gas.
You are more poisoned.
Ouch! That really hurt!
You die...

.......#..................#
.......#.##...........†...#
.......#.###.............##
##'#####.####§§..§§§§§§.##
♣♣.#...#.§§§§§§##§§§§§###
..♣#...#.§§§§§§§§§§§§§§#
♣♣♣#.<.#.§§§§§§§§§§§§§§#
####..(#.§§§§§§§§§§§§§§#
...'...#.§§§§§§§@§§§§§§#
########.§§§§§§§§§§§§§§#
#....§§§§§§§.§§§§§§#
#....§§§§§§§§§§§§§§#
###########§§§§§§§§#
#§§§§§§§§# ##########


There were no monsters in sight!

Vanquished Creatures
  3 endoplasms (D:1)
  3 goblins (D:1)
  A hobgoblin (D:1)
  3 kobolds (D:1)
  A quokka (D:1)
  4 ball pythons (D:1)
  2 bats (D:1)
  A frilled lizard (D:1)
  2 rats (D:1)
20 creatures vanquished.

Vanquished Creatures (others)
  111 foxfires (D:1)
111 creatures vanquished.

Grand Total: 131 creatures vanquished

Notes
Turn   | Place    | Note
-------+----------+-------------------------------------------
     0 | D:1      | Hubjo the Deep Elf Fire Elementalist began the quest for
                  | the Orb.
     0 | D:1      | Reached XP level 1. HP: 10/10 MP: 6/6
   306 | D:1      | Reached XP level 2. HP: 16/16 MP: 6/8
   784 | D:1      | Reached skill level 1 in Fighting
  1055 | D:1      | Succumbed to their own poison gas

Illustrated notes

Levels and vault maps discovered:
D:1:      scummos_arrival_gate, layout_rooms

Skill      XL: |  1  2 |
---------------+-------+-----
Fighting       | 1 |  1.1
Dodging        | |  2.4
Stealth        | |  2.9
Spellcasting   | |  3.3
Conjurations   | |  1.1
Fire Magic     | |  3.5

Action                   || total
-------------------------++-------
Melee: Unarmed           ||     1
 Cast: Foxfire           ||    62
  Use: Scroll            ||     5
Armor: Robe              ||     2
Dodge: Dodged            ||     5

Table legend: (Time is in decaauts)
 A = Elapsed time spent in this place.
 B = Non-inter-level travel time spent in this place.
 C = Inter-level travel time spent in this place.
 D = Time resting spent in this place.
 E = Time spent auto-exploring this place.
 F = Levels seen in this place.
 G = Mean time per level.
                   A        B        C        D        E       F      G
               +--------+--------+--------+--------+--------+-----+--------+
         Total |   1054 |   1054 |      0 |      0 |    923 |   1 | 1054.0 |
       Dungeon |   1054 |   1054 |      0 |      0 |    923 |   1 | 1054.0 |
               +--------+--------+--------+--------+--------+-----+--------+

Top non-repeatable levels by time:
     D:1: 1054 daAuts
